 Dungeon Crawl Stone Soup version 0.17-a0-1850-g688e747 (webtiles) character file.

309 mcbry74 the Slinger (level 6, -5/39 HPs)
             Began as a Halfling Hunter on Sept 18, 2015.
             Slain by shakdrar's ghost (10 damage)
             ... on level 4 of the Dungeon.
             The game lasted 00:26:05 (3509 turns).

mcbry74 the Slinger (Halfling Hunter)               Turns: 3509, Time: 00:26:05

Health: -5/39      AC:  6    Str: 12    XL:     6   Next: 69%
Magic:  6/6        EV:  9    Int: 10    God:
Gold:   131        SH:  0    Dex: 17    Spells: 0 memorised, 5 levels left

rFire  . . .     SeeInvis .     g - +0 dagger (elec)
rCold  + . .     Clarity  .     p - +1 ring mail {rC+}
rNeg   . . .     SustAt   .     (shield restricted)
rPois  .         Gourm    .     (no helmet)
rElec  .         Spirit   .     (no cloak)
rCorr  .         Warding  .     (no gloves)
rMut   .         Stasis   .     (no boots)
MR     .....                    (no amulet)
Stlth  ++........               (no ring)
                                (no ring)

@: not resistant to hostile enchantments, unstealthy
A: mutation resistance 1
a: no special abilities


You were on level 4 of the Dungeon.
You were not hungry.

You visited 1 branch of the dungeon, and saw 4 of its levels.

You collected 131 gold pieces.

Inventory:

Hand weapons
 a - a +1 hunting sling
 c - a +0 short sword
 g - a +0 dagger of electrocution (weapon)
Missiles
 b - 7 sling bullets (quivered)
 l - 9 poisoned sling bullets
 n - 19 stones
Armour
 d - a +0 leather armour
 p - a +1 ring mail of cold resistance (worn)
Jewellery
 f - an uncursed amulet of the gourmand {unknown}
Scrolls
 i - 4 scrolls of amnesia
 q - a scroll of enchant armour {unknown}
 r - a scroll of magic mapping {unknown}
 t - 2 scrolls of identify
 v - a scroll of fog {unknown}
Potions
 h - a potion of haste
 j - a potion of flight {unknown}
 k - a potion of degeneration {unknown}
 m - a potion of mutation {unknown}
 s - 2 potions of poison {unknown}
Comestibles
 e - 3 bread rations
 o - 2 slices of pizza


   Skills:
 + Level 2.1 Fighting
 + Level 0.6 Short Blades
 + Level 9.5 Slings
 + Level 1.4 Armour
 + Level 2.9 Dodging
 + Level 2.1 Stealth


You had 5 spell levels left.
You didn't know any spells.

Dungeon Overview and Level Annotations

Branches:
Dungeon (4/15)
 Temple: D:4-7

Altars:
Gozag
Yredelemnul

Annotations:
D:4 shakdrar's ghost, average MiFi


Innate Abilities, Weirdness & Mutations

You are small and have problems with some larger weapons.
You are somewhat resistant to further mutation.


Message History

You hit shakdrar's ghost but do no damage.
There is a sudden explosion of sparks!
Shakdrar's ghost is heavily damaged.
Shakdrar's ghost barely misses you.
You hit shakdrar's ghost but do no damage.
Shakdrar's ghost is heavily damaged.
Shakdrar's ghost closely misses you.
You hit shakdrar's ghost.
Shakdrar's ghost is heavily damaged.
Shakdrar's ghost closely misses you.
You hit shakdrar's ghost but do no damage.
There is a sudden explosion of sparks!
Shakdrar's ghost is almost destroyed.
Shakdrar's ghost hits you but does no damage.
You hit shakdrar's ghost but do no damage.
Shakdrar's ghost is almost destroyed.
Shakdrar's ghost hits you!
* * * LOW HITPOINT WARNING * * *
Shakdrar's ghost hits you!
You die...

###$##..#
#...(....
#.##..# .
#.##(.# #.##(.#
#.##(.# #.##..#
####.##.W# #
.......@.#.#.#..
####.###.((.(.((
#.###.#(. #.#
#.# #.. ###


You could see shakdrar's ghost.

Vanquished Creatures
  An ogre (D:4)
  Terence (D:2)
  Natasha (thrice) (D:2)
  2 worker ants (D:4)
  3 adders
  An ooze (D:3)
  4 giant geckos
  An orc (D:3)
  2 ball pythons (D:4)
  14 bats
  4 giant cockroaches
  9 goblins
  5 hobgoblins
  11 jackals
  9 kobolds
  5 giant newts
  10 rats
85 creatures vanquished.

Notes
Turn   | Place    | Note
--------------------------------------------------------------
     0 | D:1      | mcbry74 the Halfling Hunter began the quest for the Orb.
     0 | D:1      | Reached XP level 1. HP: 14/14 MP: 1/1
    26 | D:1      | Reached skill level 6 in Slings
    65 | D:1      | Reached XP level 2. HP: 4/19 MP: 2/2
   595 | D:1      | Reached XP level 3. HP: 24/24 MP: 3/3
  1011 | D:2      | Found a basalt altar of Yredelemnul.
  1021 | D:2      | Reached skill level 7 in Slings
  1171 | D:2      | Noticed Natasha
  1181 | D:2      | Killed Natasha
  1181 | D:2      | Reached XP level 4. HP: 15/29 MP: 4/4
  1563 | D:2      | Noticed Natasha
  1565 | D:2      | Killed Natasha
  1565 | D:2      | Reached skill level 1 in Armour
  1623 | D:2      | Noticed Natasha
  1624 | D:2      | Killed Natasha
  1759 | D:2      | Noticed Terence
  1767 | D:2      | Killed Terence
  1767 | D:2      | Reached skill level 8 in Slings
  1767 | D:2      | Reached XP level 5. HP: 31/34 MP: 5/5
  2154 | D:3      | Found an opulent altar of Gozag.
  2736 | D:4      | Noticed an ogre
  2742 | D:4      | Killed an ogre
  2742 | D:4      | Reached skill level 9 in Slings
  2742 | D:4      | Reached XP level 6. HP: 34/39 MP: 6/6
  2765 | D:4      | Noticed shakdrar's ghost (average MiFi)
  3509 | D:4      | Slain by shakdrar's ghost

Vault maps used:
D:1:      dpeg_arrival_brainrot
D:2:      first_bread, grunt_decor_mini_mirrors, kennysheep_another_room,
          yredelemnul_altar_generic, uniq_natasha, uniq_terence
D:3:      grunt_gozag_statues, hangedman_abyss_or_decor_stabs
D:4:      hangedman_decor_slide_cut

Action                   |  1- 3 |  4- 6 || total
-------------------------+-------+-------++-------
Melee: Short sword       |    17 |       ||    17
       Unarmed           |     1 |       ||     1
       Dagger            |    21 |    57 ||    78
 Fire: Hunting sling     |    73 |   144 ||   217
  Use: Scroll            |     4 |       ||     4
 Stab: Sleeping          |     1 |     1 ||     2
  Eat: Chunk             |     1 |     4 ||     5
       Bread ration      |       |     1 ||     1
